 Dungeon Sprint DCSS version 0.23.0 (webtiles) character file.

Game seed: 8260730563270459304

17504 nuthulu the Severer (level 12, -7/105 HPs)
             Began as a Demonspawn Gladiator on Feb 12, 2019.
             Was the Champion of Uskayaw.
             Killed from afar by a red draconian (15 damage)
             ... with a searing blast
             ... in the Dungeon (Sprint V: "Ziggurat Sprint").
             The game lasted 00:04:56 (696 turns).

nuthulu the Severer (Demonspawn Gladiator)           Turns: 696, Time: 00:04:56

Health: -7/105     AC: 33    Str: 23    XL:     12   Next: 19%
Magic:  12/12      EV:  4    Int:  9    God:    Uskayaw [******]
Gold:   0          SH: 33    Dex: 28    Spells: 11/11 levels left

rFire    . . .     SeeInvis +   F - +14 obsidian axe {chop, +Fly SInv *Curse} (curse)
rCold    . . .     Gourm    .   H - +18 shield of the Gong {rElec rN+ MR+ EV-5}
rNeg     + . .     Faith    .   G - +15 Maxwell's patent armour {-Cast -Tele rElec MR+ rCorr}
rPois    +         Spirit   .   (helmet unavailable)
rElec    +         Reflect  .   M - +1 cloak {rPois}
rCorr    +         Harm     .   (no gloves)
MR       ++...     NoTele   +   (no boots) Stlth +.........NoCast +
                                (no amulet)
HPRegen  0.27/turn              D - +6 ring of strength
MPRegen  0.13/turn              A - +6 ring of dexterity

@: mesmerised, studying Long Blades
A: antennae 3, thin skeletal structure 2, demonic guardian 1, nightstalker 2
a: Stomp, Line Pass, Grand Finale, Renounce Religion, Evoke Flight


You were in the Dungeon.
You worshipped Uskayaw.
Uskayaw was noncommittal.
You were not hungry.

You visited 1 branch

Inventory:

Hand Weapons
 a - a +0 war axe
 F - the cursed +14 obsidian axe (weapon) {chop, +Fly SInv *Curse}
   (You found it in the Dungeon)

   It inflicts extra damage upon your enemies.
   It lets you see invisible.
   It lets you fly.
   It curses itself when equipped.
   It has a curse placed upon it.
Missiles
 d - 3 throwing nets (quivered)
Armour
 b - a +0 leather armour
 c - a +0 helmet
 G - the +15 Maxwell's patent armour (worn) {-Cast -Tele rElec MR+ rCorr}
   (You found it in the Dungeon)

   It insulates you from electricity.
   It affects your resistance to hostile enchantments.
   It prevents spellcasting.
   It prevents most forms of teleportation.
   It provides partial protection from all sources of acid and corrosion.
 H - the +18 shield of the Gong (worn) {rElec rN+ MR+ EV-5}
   (You found it in the Dungeon)

   It affects your evasion (-5).
   It insulates you from electricity.
   It protects you from negative energy.
   It affects your resistance to hostile enchantments.
 M - a +1 cloak of poison resistance (worn)
Jewellery
 o - an uncursed ring of protection from magic
 z - a +6 ring of dexterity
 A - a +6 ring of dexterity (right hand)
 B - a +6 ring of intelligence
 C - a +6 ring of intelligence
 D - a +6 ring of strength (left hand)
 E - a +6 ring of strength
 I - an uncursed ring of wizardry
 L - the ring "Aliprur" {rPois Stlth+}
   (You found it in the Dungeon)

   [ring of stealth]

   It protects you from poison.
   It makes you more stealthy.
Wands
 w - a wand of disintegration (7)
 x - a wand of iceblast (7)
 y - a wand of acid (7)
Scrolls
 k - 4 scrolls of blinking
 r - 4 scrolls of amnesia
 s - 7 scrolls of fog
 t - 5 scrolls of identify
 u - 5 scrolls of remove curse
 v - 2 scrolls of fear
Potions
 e - 10 potions of curing
 g - 9 potions of heal wounds
 h - 6 potions of haste
 i - 7 potions of magic
 j - 3 potions of berserk rage
 l - 2 potions of brilliance
 m - 2 potions of invisibility
 n - 4 potions of resistance
 p - 5 potions of agility
 q - 5 potions of might
Books
 K - a manual of Long Blades
Comestibles
 f - 7 rations


   Skills:
 + Level 13.4 Fighting
 - Level 18.7 Axes
 - Level 1.7 Throwing
 + Level 12.3 Armour
 - Level 2.6 Dodging
 + Level 12.3 Shields


You had 11 spell levels left.
You didn't know any spells.
Your spell library was empty.

Dungeon Overview and Level Annotations

Branches:
Dungeon (1/1)

Altars:
Ashenzari
Cheibriados
Dithmenos
Elyvilon
Fedhas
Gozag
Hepliaklqana
Kikubaaqudgha
Makhleb
Nemelex Xobeh
Okawaru
Qazlal
Ru
Sif Muna
Trog
Uskayaw
Vehumet
Wu Jian
Xom
Yredelemnul
Zin
The Shining One
Beogh
Jiyva
Lugonu

Annotations:
D 1 transporter


Innate Abilities, Weirdness & Mutations

You have a pair of large antennae on your head. (SInv)
You have a moderately thin skeletal structure. (Dex +4, Stealth+)
A weak demonic guardian rushes to your aid.
You are significantly more attuned to the shadows.


Message History

The purple draconian is no longer sharing its pain.
The black draconian is no longer sharing its pain.
The purple draconian hits you but does no damage.
You block the black draconian's attack.
BOUMMMMG!
The purple draconian knight drinks a potion.
The purple draconian knight is healed!
Unknown command.
You slice the purple draconian!!
You break out of your daze!
You kill the purple draconian!
You miss the white draconian monk. You slash the red draconian!
You open a gate to Pandemonium!
A demon appears!
You slash the black draconian! You hit the purple draconian.
You slash the black draconian! You slash the purple draconian knight!
Visions of slaying the purple draconian knight flood into your mind.
Your sun demon closely misses the red draconian.
The red draconian breathes flames at you.
The searing blast hits you!
You die...

▓......... ▓.▓.†...▓.
▓....©....
▓▓▓▓▓▓▓▓▓▓▓▓▓▓▓▓▓▓▓▓▓▓
▓...8©8...▓...8©8...▓.
▓....}..|.▓..|)|):..▓.
▓..)|=[}..▓..))"[)..▓.
▓...ddd3..▓...†.....▓.
▓...)@d...▓.........▓.
▓..5q)q...▓...†.†...▓.
▓......3..▓.........▓.
▓.........▓.........▓.
▓.........▓.........▓.
▓....©....▓....©....▓▓
▓▓▓▓▓▓▓▓▓▓▓▓▓▓▓▓▓▓▓▓▓


{{{{{{{{ You could see a white draconian monk, a purple draconian knight
(invisible), 2 draconians, a purple draconian, a red draconian, a friendly sun
demon, a friendly smoke demon and a friendly iron imp.

Vanquished Creatures
  A very ugly thing (D)
  2 black draconians (D)
  A yellow draconian (D)
  A purple draconian (D)
  A red draconian (D)
  A great orb of eyes (shapeshifter) (D)
  3 dancing weapons (D)
  A shock serpent (shapeshifter) (D)
  A lindwurm (shapeshifter) (D)
  A deep elf archer (D)
  3 deep elf magi (D)
  A cyclops (shapeshifter) (D)
  A manticore (shapeshifter) (D)
  3 black mambas (D)
  A jumping spider (D)
  A hornet (D)
  A tyrant leech (shapeshifter) (D)
  7 spriggans (D)
  2 tarantellas (D)
  2 neqoxecs (D)
  A naga (D)
  2 hell hounds (D)
  A water moccasin (D)
  6 black bears (D)
  2 necrophages (D)
  3 wolves (D)
  4 scorpions (D)
  3 wights (D)
  An iron imp (D)
  An adder (D)
  A shadow imp (D)
  An adder skeleton (D)
  A ball python (D)
  A bat skeleton (D)
63 creatures vanquished.

Vanquished Creatures (collateral kills)
  A deep elf archer (D)
  2 deep elf magi (D)
  A spriggan (D)
  A fire elemental (D)
  A hog (shapeshifter) (D)
  A bat zombie (D)
7 creatures vanquished.

Grand Total: 70 creatures vanquished

Notes
Turn   | Place    | Note
-------+----------+-------------------------------------------
     0 | D        | Found the +6 Majin-Bo {vamp, Archmagi MP+6 Int+6}
     0 | D        | Found the +7 great mace "Firestarter" {inner flame, rF++}
     0 | D        | nuthulu the Demonspawn Gladiator began the quest for the
                  | Orb.
     0 | D        | Reached XP level 1. HP: 16/16 MP: 1/1
     0 | D        | Found a blossoming altar of Fedhas.
     1 | D        | Found a deep blue altar of Sif Muna.
     1 | D        | Found a sacrificial altar of Ru.
     1 | D        | Found a bloodstained altar of Trog.
     1 | D        | Found a stormy altar of Qazlal.
     1 | D        | Found an iron altar of Okawaru.
     1 | D        | Found a sparkling altar of Nemelex Xobeh.
     3 | D        | Found a transporter.
     3 | D        | Found an ancient bone altar of Kikubaaqudgha.
     3 | D        | Found a viscous altar of Jiyva.
     3 | D        | Found a corrupted altar of Lugonu.
     3 | D        | Found a hazy altar of Hepliaklqana.
     3 | D        | Found a burning altar of Makhleb.
     3 | D        | Found an opulent altar of Gozag.
    18 | D        | Found the +9 heavy crossbow "Sniper" {velocity, Acc+∞ SInv}
    18 | D        | Found the +10 dark maul {crush}
    18 | D        | Found the +15 Maxwell's patent armour {-Cast -Tele rElec
                  | MR+ rCorr}
    18 | D        | Found the +18 shield of the Gong {rElec rN+ MR+ EV-5}
    18 | D        | Found the cursed +14 obsidian axe {chop, +Fly SInv *Curse}
    19 | D        | Found the +6 shillelagh "Devastator" {shatter}
    19 | D        | Found the +11 plutonium sword {*Contam Stlth-}
    19 | D        | Found the +8 lance "Wyrmbane" {slay drac, rPois rF+ rC+
                  | AC+3}
    19 | D        | Found the +9 sword of Zonguldrok {reap}
    19 | D        | Found the cursed +13 scythe of Curses {drain, *Curse}
    19 | D        | Found the +0 sword of Power
    19 | D        | Found the +7 mace of Variability {chain chaos}
    19 | D        | Found the +7 Singing Sword {slice, sonic wave}
    19 | D        | Found the +7 longbow "Piercer" {penet, EV-2}
    40 | D        | Reached skill level 7 in Axes
    40 | D        | Gained mutation: You are slightly more attuned to the
                  | shadows. [demonic ancestry]
    40 | D        | Reached XP level 2. HP: 22/22 MP: 2/2
   114 | D        | Became a worshipper of Uskayaw the Reveler
   130 | D        | Entered arena 2.
   130 | D        | Noticed a hell hound
   130 | D        | Found a transporter.
   132 | D        | Reached * piety under Uskayaw
   133 | D        | Killed a hell hound
   133 | D        | Reached skill level 10 in Axes
   133 | D        | Gained mutation: A weak demonic guardian rushes to your
                  | aid. [demonic ancestry]
   133 | D        | Reached XP level 3. HP: 15/27 MP: 3/3
   133 | D        | Reached XP level 4. HP: 19/33 MP: 4/4
   133 | D        | Reached ** piety under Uskayaw
   259 | D        | Entered arena 3.
   259 | D        | Noticed a jumping spider
   259 | D        | Found a transporter.
   264 | D        | Reached skill level 11 in Axes
   264 | D        | Reached XP level 5. HP: 29/38 MP: 5/5
   264 | D        | Reached *** piety under Uskayaw
   265 | D        | Killed a jumping spider
   265 | D        | Reached skill level 13 in Axes
   265 | D        | Reached XP level 6. HP: 34/44 MP: 6/6
   333 | D        | Entered arena 4.
   333 | D        | Noticed a hell hound
   333 | D        | Found a transporter.
   336 | D        | Killed a hell hound
   337 | D        | Gained mutation: You have a pair of small antennae on your
                  | head. [demonic ancestry]
   337 | D        | Reached XP level 7. HP: 50/50 MP: 7/7
   344 | D        | Entered arena 5.
   344 | D        | Noticed a tarantella
   344 | D        | Noticed a tarantella
   344 | D        | Found a transporter.
   347 | D        | Killed a tarantella
   347 | D        | Reached skill level 14 in Axes
   347 | D        | Reached **** piety under Uskayaw
   348 | D        | Killed a tarantella
   348 | D        | Reached skill level 15 in Axes
   350 | D        | Reached ***** piety under Uskayaw
   356 | D        | Entered arena 6.
   356 | D        | Noticed a deep elf mage
   356 | D        | Noticed a deep elf mage
   356 | D        | Noticed a deep elf mage
   356 | D        | Noticed a deep elf mage
   356 | D        | Noticed a +2 trident of flaming
   356 | D        | Found a transporter.
   357 | D        | Identified the +6 great mace "Maeggeeb" {drain, rN+}
   358 | D        | Noticed a fire elemental
   358 | D        | Noticed a fire elemental
   361 | D        | Killed a +2 trident of flaming
   361 | D        | Reached skill level 16 in Axes
   361 | D        | Gained mutation: You have a somewhat thin skeletal
                  | structure. (Dex +2, Stealth) [demonic ancestry]
   361 | D        | Reached XP level 8. HP: 51/56 MP: 8/8
   362 | D        | Killed a deep elf mage
   362 | D        | Reached skill level 17 in Axes
   364 | D        | Reached ****** piety under Uskayaw
   365 | D        | Killed a deep elf mage
   365 | D        | Gained mutation: You have a moderately thin skeletal
                  | structure. (Dex +4, Stealth+) [demonic ancestry]
   365 | D        | Reached XP level 9. HP: 21/61 MP: 9/9
   367 | D        | Killed a deep elf mage
   367 | D        | Reached skill level 18 in Axes
   367 | D        | Killed a deep elf mage
   375 | D        | Entered arena 7.
   377 | D        | Found a transporter.
   379 | D        | Noticed a rust devil
   381 | D        | Reached skill level 1 in Armour
   381 | D        | Reached skill level 1 in Shields
   390 | D        | Entered arena 8.
   390 | D        | Noticed a +3 long sword of holy wrath
   390 | D        | Noticed a deep elf mage
   390 | D        | Noticed a deep elf archer
   390 | D        | Noticed a deep elf archer
   391 | D        | Noticed a +0 vampiric glaive
   392 | D        | Found a transporter.
   394 | D        | Killed a +3 long sword of holy wrath
   394 | D        | Killed a +0 vampiric glaive
   394 | D        | Gained mutation: You are significantly more attuned to the
                  | shadows. [demonic ancestry]
   394 | D        | Reached XP level 10. HP: 55/76 MP: 10/10
   396 | D        | Reached skill level 5 in Armour
   396 | D        | Reached skill level 5 in Shields
   397 | D        | Killed a deep elf mage
   400 | D        | Killed a deep elf archer
   402 | D        | Killed a deep elf archer
   597 | D        | Entered arena 9.
   598 | D        | Noticed a black mamba
   598 | D        | Noticed a black mamba
   599 | D        | Noticed a black mamba
   601 | D        | Killed a black mamba
   603 | D        | Killed a black mamba
   603 | D        | Killed a black mamba
   607 | D        | Found a transporter.
   613 | D        | Entered arena 10.
   615 | D        | Identified the ring of Gokkaer {Wiz MP+9 Slay+2}
   622 | D        | Found a transporter.
   629 | D        | Got the ring "Aliprur" {rPois Stlth+}
   641 | D        | Entered arena 11.
   642 | D        | Noticed a spriggan rider
   648 | D        | Gained mutation: You have a pair of antennae on your head.
                  | [demonic ancestry]
   648 | D        | Reached XP level 11. HP: 89/89 MP: 11/11
   649 | D        | Killed a spriggan rider
   649 | D        | Reached skill level 10 in Fighting
   652 | D        | Found a transporter.
   661 | D        | Entered arena 12.
   663 | D        | Noticed a brown very ugly thing
   664 | D        | Noticed a wolf spider
   664 | D        | Noticed a great orb of eyes
   664 | D        | a torpor snail changed into a great orb of eyes
   664 | D        | Noticed a shock serpent
   665 | D        | a wolf spider changed into a tyrant leech
   666 | D        | Noticed a lindwurm
   666 | D        | a swamp worm changed into a lindwurm
   667 | D        | Killed a shock serpent
   668 | D        | Reached skill level 10 in Armour
   668 | D        | Reached skill level 10 in Shields
   669 | D        | Killed a lindwurm
   669 | D        | Killed a brown very ugly thing
   670 | D        | Killed a great orb of eyes
   672 | D        | Found a transporter.
   678 | D        | Entered arena 13.
   680 | D        | Noticed a purple draconian
   680 | D        | Noticed a black draconian
   680 | D        | Noticed a yellow draconian
   680 | D        | Noticed a purple draconian
   680 | D        | Noticed a black draconian
   680 | D        | Noticed a black draconian
   680 | D        | Noticed a red draconian
   681 | D        | Found the +2 hat of the Bear Spirit {Spirit, +Rage rN+
                  | MR++}
   681 | D        | Noticed a black draconian
   681 | D        | Noticed a purple draconian knight
   681 | D        | Noticed a red draconian
   681 | D        | Noticed a white draconian monk
   682 | D        | Found a transporter.
   690 | D        | Killed a yellow draconian
   691 | D        | Killed a red draconian
   694 | D        | Killed a black draconian
   694 | D        | Gained mutation: You have a pair of large antennae on your
                  | head. (SInv) [demonic ancestry]
   694 | D        | Reached XP level 12. HP: 8/103 MP: 12/12
   695 | D        | Killed a black draconian
   696 | D        | Killed a purple draconian
   696 | D        | Killed from afar by a red draconian

Skill      XL: |  1  2  3  4  5  6  7  8  9 10 11 12 |
---------------+-------------------------------------+-----
Axes           | 7 10 11 13 16 17 18 | 18.7
Armour         | 4 8 11 12 | 12.3
Shields        | 4 8 11 12 | 12.3
Fighting       | 6 9 12 13 | 13.4
Throwing       | |  1.7
Dodging        | |  2.6

Action                   |  1- 3 |  4- 6 |  7- 9 | 10-12 || total
-------------------------+-------+-------+-------+-------++-------
Melee: Broad axe         |     2 |     7 |    23 |    50 ||    82
  Use: Potion            |     1 |       |     1 |       ||     2
 Stab: Paralysed         |       |     1 |     4 |     9 ||    14
Armor: Plate armour      |       |     8 |    15 |    29 ||    52
Block: Shield            |     2 |    11 |    29 |    70 ||   112
